 Dungeon Sprint DCSS version 0.30.1-5-ged363bc7ee (webtiles) character file.

Game seed: 14319332903145558677

71414 Heoruswealwe the Archmage (level 24, -23/96 (112) HPs)
             Began as a Deep Elf Conjurer on Sept 19, 2023.
             Was an Initiate of Gozag.
             Annihilated by a death scarab (25 damage)
             ... summoned by a royal mummy
             ... in the Dungeon (Sprint VI: "Thunderdome").
             The game lasted 01:38:19 (3955 turns).

Heoruswealwe the Archmage (Deep Elf Conjurer)       Turns: 3955, Time: 01:38:21

HP:   -23/96 (112)  AC: 17    Str:  8    XL:     24   Next: 93%
MP:   36/56         EV: 20    Int: 38    God:    Gozag
Gold: 1681          SH:  0    Dex: 11    Spells: 1/77 levels left

rFire   + + .        a - staff of conjuration
rCold   + + +        (no shield)
rNeg    . . .        c - +0 robe {Archmagi}
rPois   +            g - +2 helmet of the Scribe {rPois Will+}
rElec   +            h - +3 cloak of Honesty {Stlth+}
rCorr   .            f - +2 pair of gloves of Wasted Space {Rampage rC+ Int+3 Stlth+}
SInv    .            e - +2 pair of boots of a Gauntlet {Contam rElec rC++ Stlth+}
Will    +++..        i - amulet of Vitality {RegenMP++ Regen++} Stlth *+++++++++
                     k - ring of Bimno {Wiz rPois Dex-4 Stlth+}
HPRegen 1.96/turn    j - ring "Nunu" {Wiz Drain rF++ Dex+3}
MPRegen 1.15/turn

%: no teleportation, rampage, wizardry (x2), archmagi
@: slowed, heavily drained, very slow
A: hooves 1, iridescent scales 1, strong 1
}: 4/15 runes: decaying, barnacled, elven, silver
a: Renounce Religion, Potion Petition, Call Merchant, Bribe Branch


You were in the Dungeon.
You worshipped Gozag.
Gozag was most pleased with you.
You visited 1 branch You collected 30298 gold pieces.
You spent 26348 gold pieces at shops.
You paid 2269 gold pieces to Gozag.

Inventory:

Armour
 c - a +0 robe of the Archmagi (worn)
 e - the +2 pair of boots of a Gauntlet (worn) {Contam rElec rC++ Stlth+}
   (You bought it in a shop in the Dungeon)

   rC:        It greatly protects you from cold.
   rElec:     It insulates you from electricity.
   Contam:    It causes magical contamination when unequipped.
   Stlth:     It makes you more stealthy.
 f - the +2 pair of gloves of Wasted Space (worn) {Rampage rC+ Int+3 Stlth+}
   (You bought it in a shop in the Dungeon)

   Int:       It affects your intelligence (+3).
   rC:        It protects you from cold.
   Rampage:   It bestows one free step when moving towards enemies.
   Stlth:     It makes you more stealthy.
 g - the +2 helmet of the Scribe (worn) {rPois Will+}
   (You bought it in a shop in the Dungeon)

   rPois:     It protects you from poison.
   Will:      It increases your willpower.
 h - the +3 cloak of Honesty (worn) {Stlth+}
   (You bought it in a shop in the Dungeon)

   Stlth:     It makes you more stealthy.
Magical Staves
 a - a staff of conjuration (weapon)
Jewellery
 i - the amulet of Vitality (around neck) {RegenMP++ Regen++}
   (You bought it in a shop in the Dungeon)

   [amulet of magic regeneration]

   It increases your rate of magic regeneration.
   Regen:     It increases your rate of health regeneration.
 j - the ring "Nunu" (right hand) {Wiz Drain rF++ Dex+3}
   (You bought it in a shop in the Dungeon)

   [ring of wizardry]

   It improves your spell success rate.
   Dex:       It affects your dexterity (+3).
   rF:        It greatly protects you from fire.
   Drain:     It drains your maximum health when unequipped.
 k - the ring of Bimno (left hand) {Wiz rPois Dex-4 Stlth+}
   (You bought it in a shop in the Dungeon)

   [ring of wizardry]

   It improves your spell success rate.
   Dex:       It affects your dexterity (-4).
   rPois:     It protects you from poison.
   Stlth:     It makes you more stealthy.
Scrolls
 r - 2 scrolls of identify
 w - 24 scrolls of blinking
Potions
 b - 21 potions of curing
 d - 5 potions of mutation
 l - 10 potions of brilliance
 v - 23 potions of resistance
 x - 37 potions of haste
 F - 40 potions of heal wounds
 G - 18 potions of magic


   Skills:
 + Level 21.8 Dodging
 - Level 18.2 Stealth
 O Level 27 Spellcasting
 O Level 27 Conjurations
 O Level 27 Earth Magic


You had one spell level left.
You knew the following spells:

 Your Spells              Type           Power      Damage    Failure   Level
a - Magic Dart            Conj           100%       1d8       0%          1
b - Searing Ray           Conj           100%       2d8       0%          2
c - Momentum Strike       Conj/Tloc      100%       3d10      0%          2
d - Dazzling Flash        Conj/Hex       100%       N/A       0%          3
e - Iskenderun's Mystic   Conj/Tloc      100%       2d19      0%          4
f - Fulminant Prism       Conj/Hex       74%        3d30      0%          4
g - Iskenderun's Battles  Conj           100%       2d15      0%          5
h - Iron Shot             Conj/Erth      91%        9d16      0%          6
i - Conjure Ball Lightni  Conj/Air       74%        3x3d27    1%          6
j - Spellforged Servitor  Conj/Summ      74%        N/A       1%          7
k - Orb of Destruction    Conj           91%        9d20      0%          7
l - Lehudib's Crystal Sp  Conj/Erth      91%        10d20     1%          8
m - Fire Storm            Conj/Fire      74%        8d19      32%         9
n - Chain Lightning       Conj/Air       74%        3d99      32%         9
o - Hailstorm             Conj/Ice       100%       3d20      0%          3

Your spell library contained the following spells:

 Spells                   Type           Power      Damage    Failure   Level
 Freeze                   Ice            100%       1d10      1%          1
 Sting                    Tmut/Pois      100%       1d8       1%          1
 Lee's Rapid Deconstruct  Erth           78%        3d35*     0%          5
 Blink                    Tloc           100%       N/A       1%          2
 Lesser Beckoning         Tloc           100%       N/A       1%          2
 Spider Form              Tmut/Pois      67%        N/A       1%          3
 Summon Guardian Golem    Hex/Summ       67%        N/A       1%          3
 Volatile Blastmotes      Fire/Tloc      100%       2d18      1%          3
 Ice Form                 Ice/Tmut       67%        N/A       1%          4
 Passage of Golubria      Tloc           67%        N/A       1%          4
 Shatter                  Erth           78%        3d57*     1%          9
 Agony                    Necr           67%        N/A       2%          5
 Silence                  Hex/Air        33%        N/A       2%          5
 Ozocubu's Refrigeration  Ice            33%        4d14      56%         7
 Discord                  Hex            33%        N/A       99%         8
 Disjunction              Tloc           33%        N/A       99%         8


Dungeon Overview and Level Annotations

Branches:
Dungeon (1/1)

Altars:
Cheibriados
Dithmenos
Fedhas
Gozag
Kikubaaqudgha
Makhleb
Okawaru
Qazlal
Ru
Sif Muna
Trog
Uskayaw
Vehumet
Wu Jian
Xom
Yredelemnul
Zin
The Shining One
Lugonu

Shops:
D [??*?*:[((!!:*=


Innate Abilities, Weirdness & Mutations

You have large cloven feet.
You are partially covered in iridescent scales. (AC +2)
Your muscles are strong. (Str +4, Int/Dex -1)


Message History

The death scarab's corpse disappears in a puff of smoke!
The death scarab bites you. The death scarab drains your vigour!
You feel yourself slow down.
The death scarab draws strength from your injuries!
You feel a strong surge of power!
The iron shot hits the royal mummy!!!
The royal mummy is moderately damaged.
The death scarab bites you!!
The death scarab draws strength from your injuries!
The royal mummy casts a spell.
You feel a strong surge of power!
The iron shot hits the royal mummy!!!
The royal mummy is heavily damaged.
The death scarab bites you! The death scarab drains your vigour!
You feel as though you will be slow longer.
The death scarab draws strength from your injuries!
The royal mummy mumbles some strange words.
A sphinx comes into view.
The death scarab misses you.
The royal mummy mumbles some strange words.
Blink to where?
Press: ? - help, Dir - move target, p - royal mummy
As you read the scroll of blinking, it crumbles to dust.
Blink to where?
Press: ? - help, Dir - move target
As you read the scroll of blinking, it crumbles to dust.
The death scarab bites you!!
The death scarab draws strength from your injuries!
The royal mummy hits you!!
* * * LOW HITPOINT WARNING * * *
The death scarab bites you.
* * * LOW HITPOINT WARNING * * *
The death scarab drains your vigour!
You feel as though you will be slow longer.
The death scarab draws strength from your injuries!
The death scarab barely misses you. The emperor scorpion stings you!!
* * * LOW HITPOINT WARNING * * *
The emperor scorpion claws you but does no damage.
The emperor scorpion closely misses you.
The death scarab bites you!!
You die...
Your body crumbles into a pile of gold.

...........##...###.........∩⌠#
.............###....H........##
##∩........8.# #.8........∩###
##∩___......###......___∩##
######.8.........8.######
#⌠.......§...⌠# ###.§...ss..###
#_....BMs_# #....sB@..#
#_....B.._# #∩.......∩#
##∩.....∩## ##.....## ##⌠⌠⌠##
#####


You could see a royal mummy, 4 emperor scorpions, a sphinx (wandering) and 3
death scarabs.

Vanquished Creatures
  10 vault guards (D)
  An ancient lich (D)
  A deep elf elementalist (D)
  the Lernaean hydra (D)
  A titan (D)
  An eldritch tentacle (D)
  A shadow dragon (D)
  A storm dragon (D)
  A merfolk avatar (D)
  3 fire dragons (D)
  A centaur warrior (D)
  30 boulder beetles (D)
  4 dancing weapons (D)
  An orc high priest (D)
  12 skeletal warriors (D)
  13 orb spiders (D)
  A deep elf archer (D)
  2 sea snakes (D)
  4 lindwurms (D)
  3 deep elf zephyrmancers (D)
  A deep elf pyromancer (D)
  An oklob plant (D)
  14 shining eyes (D)
  A yaktaur (D)
  2 guardian mummies (D)
  12 tormentors (D)
  A queen bee (D)
  A shadow (D)
  An air elemental (D)
  26 neqoxecs (D)
  10 redbacks (D)
  3 swamp drakes (D)
  8 centaurs (D)
  3 necrophages (D)
  A wight (D)
  5 killer bees (D)
  3 orc wizards (D)
  3 mummies (D)
  2 adder skeletons (D)
  3 orcs (D)
  A bat skeleton (D)
  5 endoplasms (D)
  6 kobolds (D)
205 creatures vanquished.

Vanquished Creatures (others)
  2 fulminant prisms (D)
2 creatures vanquished.

Grand Total: 207 creatures vanquished

Notes
Turn   | Place    | Note
-------+----------+-------------------------------------------
     0 | D        | Heoruswealwe the Deep Elf Conjurer began the quest for the
                  | Orb.
     0 | D        | Reached XP level 1. HP: 10/10 MP: 6/6
     0 | D        | Found an opulent altar of Gozag.
     0 | D        | Found a shimmering altar of Xom.
     3 | D        | Found a sacrificial altar of Ru.
     4 | D        | Found a glowing golden altar of the Shining One.
     4 | D        | Found a bloodstained altar of Trog.
     5 | D        | Found a snail-covered altar of Cheibriados.
     5 | D        | Round 1.
     6 | D        | Found Dauhoz Muph's Distillery.
     6 | D        | Found an ornate altar of the Wu Jian Council.
     6 | D        | Found a corrupted altar of Lugonu.
     6 | D        | Found Hakkeatt's Do-It-Yourself Clinic.
     7 | D        | Found Haudgh's Distillery.
     7 | D        | Found Uskuekaj's Bottled Wisdom.
     9 | D        | Found a shadowy altar of Dithmenos.
    12 | D        | Found a blossoming altar of Fedhas.
    12 | D        | Found an ancient bone altar of Kikubaaqudgha.
    13 | D        | Found Seaj's Weapon Rack.
    13 | D        | Found Fetiohoh's Premium Goods.
    14 | D        | Found Lunanasm's Basic Armour.
    14 | D        | Found Vumeemye's Miscellaneous Merchandise.
    17 | D        | Found a hide-covered altar of Uskayaw.
    18 | D        | Found a burning altar of Makhleb.
    19 | D        | Found Obuak's Identification Station.
    20 | D        | Found Fuhaumorr's Advanced Armour.
    20 | D        | Found Uciufoaf's Jewellery.
    20 | D        | Found an iron altar of Okawaru.
    20 | D        | Found a basalt altar of Yredelemnul.
    24 | D        | Became a worshipper of Gozag Ym Sagoz the Greedy
    39 | D        | Reached skill level 5 in Conjurations
    39 | D        | Found a shimmering blue altar of Sif Muna.
    55 | D        | Bought a heavily runed tin amulet for 45 gold pieces
    55 | D        | Identified the amulet of Uhyzogip {Reflect Int+2 SH+5} (You
                  | bought it in a shop in the Dungeon)
    55 | D        | Bought a translucent silver amulet for 45 gold pieces
    55 | D        | Identified the amulet of Tulips {RegenMP Rampage Drain
                  | Stlth+} (You bought it in a shop in the Dungeon)
    66 | D        | Arena points: 12 (+12) [x2]
   133 | D        | Bought a brightly glowing tin ring for 45 gold pieces
   133 | D        | Identified the ring of Ewkal {rC+ Int+3} (You bought it in
                  | a shop in the Dungeon)
   133 | D        | Bought a heavily runed copper ring for 45 gold pieces
   133 | D        | Identified the ring "Ofruh" {Ice Will+} (You bought it in a
                  | shop in the Dungeon)
   133 | D        | Bought a smoking brass ring for 45 gold pieces
   133 | D        | Identified the ring of Bimno {Wiz rPois Dex-4 Stlth+} (You
                  | bought it in a shop in the Dungeon)
   133 | D        | Bought a heavily runed turquoise ring for 45 gold pieces
   133 | D        | Identified the ring of Truth {rF+ Int+3} (You bought it in
                  | a shop in the Dungeon)
   133 | D        | Bought a glittering copper ring for 45 gold pieces
   133 | D        | Identified the ring of Moodiness {Wiz rF+ rN+} (You bought
                  | it in a shop in the Dungeon)
   133 | D        | Bought a pitted copper ring for 45 gold pieces
   133 | D        | Identified the ring "Woesyshifys" {Str+2 SInv} (You bought
                  | it in a shop in the Dungeon)
   133 | D        | Bought a faintly glowing turquoise ring for 45 gold pieces
   133 | D        | Identified the ring of Baph {rPois MP+9} (You bought it in
                  | a shop in the Dungeon)
   133 | D        | Bought an ancient glass ring for 45 gold pieces
   133 | D        | Identified the ring "Ufrozopn" {Ice rCorr Dex+4} (You
                  | bought it in a shop in the Dungeon)
   133 | D        | Bought a smoking steel ring for 45 gold pieces
   133 | D        | Identified the ring of Haubeus {+Blink Will++ Str+3 Dex-4
                  | SInv} (You bought it in a shop in the Dungeon)
   137 | D        | Round 2.
   149 | D        | Noticed an orc wizard
   152 | D        | Killed an orc wizard
   153 | D        | Reached XP level 2. HP: 15/15 MP: 9/11
   153 | D        | Reached XP level 3. HP: 19/19 MP: 9/12
   163 | D        | Reached XP level 4. HP: 24/24 MP: 10/16
   166 | D        | Learned a level 2 spell: Searing Ray
   170 | D        | Learned a level 3 spell: Dazzling Flash
   175 | D        | Learned a level 4 spell: Fulminant Prism
   180 | D        | Learned a level 4 spell: Iskenderun's Mystic Blast
   181 | D        | Arena points: 54 (+42) [x3]
   216 | D        | Found a glowing silver altar of Zin.
   217 | D        | Found Miepom's Staff Store.
   218 | D        | Found a stormy altar of Qazlal.
   218 | D        | Found a radiant altar of Vehumet.
   218 | D        | Found Tetury's Magic Scroll Shop.
   218 | D        | Found Mugarueb's Must-Have Magic.
   218 | D        | Found Tunwaud's Magic Scroll Shop.
   226 | D        | Bought a book of Power for 294 gold pieces
   244 | D        | Round 3.
   406 | D        | Arena points: 138 (+84) [x4]
   428 | D        | Round 4.
   432 | D        | Noticed a neqoxec
   438 | D        | Killed a neqoxec
   439 | D        | Reached skill level 10 in Conjurations
   439 | D        | Reached XP level 5. HP: 28/28 MP: 13/20
   450 | D        | Noticed a neqoxec
   450 | D        | Noticed a neqoxec
   450 | D        | Gained mutation: You are vulnerable to heat. (rF-) [a
                  | neqoxec]
   454 | D        | Gained mutation: You occasionally lose the ability to drink
                  | potions when taking damage. [a neqoxec]
   456 | D        | Gained mutation: You are very vulnerable to heat. (rF--) [a
                  | neqoxec]
   458 | D        | Killed a neqoxec
   459 | D        | Reached XP level 6. HP: 29/32 MP: 9/23
   464 | D        | Killed a neqoxec
   486 | D        | Learned a level 5 spell: Iskenderun's Battlesphere
   492 | D        | Noticed a neqoxec
   493 | D        | Learned a level 6 spell: Iron Shot
   496 | D        | Killed a neqoxec
   497 | D        | Reached XP level 7. HP: 36/36 MP: 15/26
   531 | D        | Noticed a neqoxec
   533 | D        | Killed a neqoxec
   534 | D        | Reached skill level 15 in Spellcasting
   534 | D        | Noticed a neqoxec
   540 | D        | Killed a neqoxec
   549 | D        | Noticed a neqoxec
   550 | D        | Killed a neqoxec
   550 | D        | Arena points: 298 (+160) [x5]
   551 | D        | Reached XP level 8. HP: 41/41 MP: 17/30
   576 | D        | Bought a twisted robe for 199 gold pieces
   576 | D        | Identified the +4 robe "Fuoleup" {Fly Str+4} (You bought it
                  | in a shop in the Dungeon)
   576 | D        | Bought an ominously black robe for 199 gold pieces
   576 | D        | Identified the +0 robe of Classification {MP+9 Slay+2} (You
                  | bought it in a shop in the Dungeon)
   576 | D        | Bought a twisted cloak for 332 gold pieces
   576 | D        | Identified the +3 cloak of Honesty {Stlth+} (You bought it
                  | in a shop in the Dungeon)
   576 | D        | Bought a twisted hat for 315 gold pieces
   576 | D        | Identified the +1 hat of the Solstice {Int+4} (You bought
                  | it in a shop in the Dungeon)
   623 | D        | Round 5.
   625 | D        | Noticed the 27-headed Lernaean hydra
   635 | D        | Killed the 27-headed Lernaean hydra
   635 | D        | Arena points: 578 (+280) [x7]
   636 | D        | Reached XP level 9. HP: 42/45 MP: 2/34
   638 | D        | Got a decaying rune of Zot
   646 | D        | Reached XP level 10. HP: 49/50 MP: 8/36
   670 | D        | Bought a pair of buzzing gloves for 332 gold pieces
   670 | D        | Identified the +2 pair of gloves of Wasted Space {Rampage
                  | rC+ Int+3 Stlth+} (You bought it in a shop in the Dungeon)
   814 | D        | Round 6.
   901 | D        | Noticed an oklob plant
   905 | D        | Killed an oklob plant
   905 | D        | Arena points: 962 (+384) [x8]
   930 | D        | Bought a pair of slimy boots for 332 gold pieces
   930 | D        | Identified the +2 pair of boots of Noon {Contam Str+4} (You
                  | bought it in a shop in the Dungeon)
   930 | D        | Bought a pair of spiked boots for 332 gold pieces
   930 | D        | Identified the +2 pair of boots of a Gauntlet {Contam rElec
                  | rC++ Stlth+} (You bought it in a shop in the Dungeon)
   962 | D        | Round 7.
  1080 | D        | Noticed a skeletal warrior
  1088 | D        | Killed a skeletal warrior
  1094 | D        | Arena points: 1529 (+567) [x9]
  1138 | D        | Bought an ancient animal skin for 185 gold pieces
  1138 | D        | Identified the +0 animal skin "Nosuudd" {rN+ SInv} (You
                  | bought it in a shop in the Dungeon)
  1138 | D        | Bought a spiked cloak for 332 gold pieces
  1138 | D        | Identified the +1 cloak of Lust {Regen+ rCorr Str-5 Stlth+}
                  | (You bought it in a shop in the Dungeon)
  1138 | D        | Bought a fine helmet for 332 gold pieces
  1138 | D        | Identified the +2 helmet of the Scribe {rPois Will+} (You
                  | bought it in a shop in the Dungeon)
  1161 | D        | Round 8.
  1169 | D        | Reached XP level 11. HP: 54/54 MP: 32/39
  1183 | D        | Gained mutation: You are frail. (-10% HP) [a neqoxec]
  1300 | D        | Arena points: 2329 (+800) [x10]
  1341 | D        | Round 9.
  1343 | D        | Bought 3 potions of experience for 900 gold pieces
  1343 | D        | Reached XP level 12. HP: 53/53 MP: 39/41
  1353 | D        | Reached XP level 13. HP: 56/56 MP: 40/42
  1354 | D        | Reached XP level 14. HP: 61/61 MP: 40/44
  1412 | D        | Arena points: 3319 (+990) [x11]
  1477 | D        | Round 10.
  1497 | D        | Arena points: 4489 (+1170) [x13]
  1505 | D        | Got a barnacled rune of Zot
  1522 | D        | Bought 3 potions of experience for 900 gold pieces
  1522 | D        | Bought 2 potions of experience for 600 gold pieces
  1522 | D        | Bought a potion of experience for 300 gold pieces
  1522 | D        | Bought a potion of experience for 300 gold pieces
  1523 | D        | Reached XP level 15. HP: 64/64 MP: 30/46
  1524 | D        | Reached XP level 16. HP: 68/68 MP: 31/47
  1525 | D        | Reached XP level 17. HP: 72/72 MP: 32/49
  1526 | D        | Reached XP level 18. HP: 76/76 MP: 32/50
  1527 | D        | Reached XP level 19. HP: 80/80 MP: 33/51
  1528 | D        | Reached skill level 27 in Spellcasting
  1528 | D        | Reached XP level 20. HP: 84/84 MP: 34/53
  1529 | D        | Reached XP level 21. HP: 88/88 MP: 35/54
  1530 | D        | Reached XP level 22. HP: 92/92 MP: 35/55
  1695 | D        | Round 11.
  1722 | D        | Reached skill level 10 in Stealth
  1829 | D        | Arena points: 6337 (+1848) [x14]
  1860 | D        | Round 12.
  1878 | D        | Reached skill level 15 in Stealth
  1921 | D        | Arena points: 8317 (+1980) [x15]
  1936 | D        | Round 13.
  1942 | D        | Bought 5 potions of heal wounds for 500 gold pieces
  1978 | D        | Bought 6 potions of magic for 336 gold pieces
  2025 | D        | Reached skill level 27 in Conjurations
  2032 | D        | Reached skill level 5 in Earth Magic
  2067 | D        | Arena points: 11021 (+2704) [x16]
  2108 | D        | Bought a potion of magic for 56 gold pieces
  2108 | D        | Bought a potion of curing for 21 gold pieces
  2108 | D        | Bought 6 potions of magic for 336 gold pieces
  2108 | D        | Bought 6 potions of resistance for 420 gold pieces
  2108 | D        | Bought 3 potions of mutation for 168 gold pieces
  2108 | D        | Bought 2 potions of mutation for 112 gold pieces
  2108 | D        | Bought a potion of mutation for 56 gold pieces
  2108 | D        | Bought 6 potions of brilliance for 168 gold pieces
  2108 | D        | Bought 4 potions of haste for 280 gold pieces
  2108 | D        | Bought 3 potions of haste for 210 gold pieces
  2109 | D        | Bought 6 potions of magic for 336 gold pieces
  2109 | D        | Bought 6 potions of magic for 336 gold pieces
  2109 | D        | Bought 3 potions of mutation for 168 gold pieces
  2109 | D        | Bought 2 potions of mutation for 112 gold pieces
  2109 | D        | Bought a potion of mutation for 56 gold pieces
  2109 | D        | Bought 6 potions of brilliance for 168 gold pieces
  2109 | D        | Bought 5 potions of haste for 350 gold pieces
  2109 | D        | Bought 6 potions of resistance for 420 gold pieces
  2109 | D        | Bought 6 potions of resistance for 420 gold pieces
  2113 | D        | Lost mutation: You are very vulnerable to heat. (rF--)
                  | [potion of mutation]
  2113 | D        | Lost mutation: You occasionally lose the ability to drink
                  | potions when taking damage. [potion of mutation]
  2113 | D        | Gained mutation: Your magical capacity is low. (-10% MP)
                  | [potion of mutation]
  2113 | D        | Gained mutation: You are resistant to electric shocks.
                  | (rElec) [potion of mutation]
  2114 | D        | Lost mutation: You are vulnerable to heat. (rF-) [potion of
                  | mutation]
  2114 | D        | Lost mutation: You are resistant to electric shocks.
                  | (rElec) [potion of mutation]
  2114 | D        | Lost mutation: You are frail. (-10% HP) [potion of
                  | mutation]
  2114 | D        | Gained mutation: Your mind is acute. (Int +4, Str/Dex -1)
                  | [potion of mutation]
  2115 | D        | Lost mutation: Your mind is acute. (Int +4, Str/Dex -1)
                  | [potion of mutation]
  2115 | D        | Lost mutation: Your magical capacity is low. (-10% MP)
                  | [potion of mutation]
  2115 | D        | Gained mutation: You are vulnerable to cold. (rC-) [potion
                  | of mutation]
  2115 | D        | Gained mutation: You possess an exceptional clarity of
                  | mind. [potion of mutation]
  2115 | D        | Round 14.
  2152 | D        | Reached skill level 10 in Earth Magic
  2172 | D        | Arena points: 14115 (+3094) [x17]
  2198 | D        | Bought a book of the Moon for 280 gold pieces
  2198 | D        | Bought a book of Chaos for 350 gold pieces
  2198 | D        | Bought a book of Annihilations for 420 gold pieces
  2198 | D        | Bought a book of Spatial Translocations for 126 gold pieces
  2199 | D        | Round 15.
  2204 | D        | Bought a book of Blasting for 280 gold pieces
  2229 | D        | Identified the staff of earth "Iduvikow" {Contam rPois
                  | Dex+2} (You found it in the Dungeon)
  2229 | D        | Arena points: 17250 (+3135) [x19]
  2233 | D        | Got an elven rune of Zot
  2245 | D        | Reached XP level 23. HP: 107/107 MP: 34/56
  2269 | D        | Learned a level 2 spell: Momentum Strike
  2276 | D        | Learned a level 6 spell: Conjure Ball Lightning
  2284 | D        | Learned a level 7 spell: Spellforged Servitor
  2293 | D        | Learned a level 8 spell: Lehudib's Crystal Spear
  2303 | D        | Learned a level 9 spell: Chain Lightning
  2313 | D        | Learned a level 9 spell: Fire Storm
  2324 | D        | Bought 5 scrolls of blinking for 375 gold pieces
  2324 | D        | Bought 4 scrolls of blinking for 300 gold pieces
  2324 | D        | Bought 3 scrolls of blinking for 225 gold pieces
  2325 | D        | Bought 5 scrolls of blinking for 375 gold pieces
  2325 | D        | Bought 4 scrolls of blinking for 300 gold pieces
  2411 | D        | Round 16.
  2430 | D        | Gained mutation: You occasionally shout uncontrollably at
                  | your foes. [a neqoxec]
  2474 | D        | Reached skill level 15 in Earth Magic
  2481 | D        | Lost mutation: You occasionally shout uncontrollably at
                  | your foes. [potion of mutation]
  2481 | D        | Lost mutation: You possess an exceptional clarity of mind.
                  | [potion of mutation]
  2481 | D        | Lost mutation: You are vulnerable to cold. (rC-) [potion of
                  | mutation]
  2481 | D        | Gained mutation: You are partially covered in large bone
                  | plates. (SH +4) [potion of mutation]
  2481 | D        | Gained mutation: Your spells are a little harder to cast,
                  | but a little more powerful. [potion of mutation]
  2481 | D        | Gained mutation: You have hidden genetic potential. [potion
                  | of mutation]
  2492 | D        | Lost mutation: You are partially covered in large bone
                  | plates. (SH +4) [potion of mutation]
  2492 | D        | Lost mutation: You have hidden genetic potential. [potion
                  | of mutation]
  2492 | D        | Gained mutation: You have a somewhat thin skeletal
                  | structure. (Dex +2, Stealth+) [potion of mutation]
  2492 | D        | Gained mutation: You have large cloven feet. [potion of
                  | mutation]
  2493 | D        | Lost mutation: Your spells are a little harder to cast, but
                  | a little more powerful. [potion of mutation]
  2493 | D        | Lost mutation: You have a somewhat thin skeletal structure.
                  | (Dex +2, Stealth+) [potion of mutation]
  2493 | D        | Gained mutation: Your muscles are strong. (Str +4, Int/Dex
                  | -1) [potion of mutation]
  2493 | D        | Gained mutation: You possess an exceptional clarity of
                  | mind. [potion of mutation]
  2493 | D        | Gained mutation: You are dopey. (Int -2) [potion of
                  | mutation]
  2493 | D        | Gained mutation: You are partially covered in iridescent
                  | scales. (AC +2) [potion of mutation]
  2494 | D        | Lost mutation: You possess an exceptional clarity of mind.
                  | [potion of mutation]
  2494 | D        | Lost mutation: You are dopey. (Int -2) [potion of mutation]
  2494 | D        | Gained mutation: Your mind is acute. (Int +4, Str/Dex -1)
                  | [potion of mutation]
  2538 | D        | Arena points: 20770 (+3520) [x20]
  2554 | D        | Bought 3 scrolls of blinking for 225 gold pieces
  2566 | D        | Bought a warped pewter ring for 45 gold pieces
  2566 | D        | Identified the ring "Gyowaduw" {rN+ Will+++ Str-2 Dex-5
                  | SInv} (You bought it in a shop in the Dungeon)
  2566 | D        | Bought a warped lead ring for 45 gold pieces
  2566 | D        | Identified the ring "Huzot" {Fly Str+2 Stlth+} (You bought
                  | it in a shop in the Dungeon)
  2566 | D        | Bought a translucent tin ring for 45 gold pieces
  2566 | D        | Identified the ring "Banett" {rPois rC+ Str+3 Stlth+} (You
                  | bought it in a shop in the Dungeon)
  2566 | D        | Bought a sparkling bronze ring for 45 gold pieces
  2566 | D        | Identified the ring of Utegible {Fire Dex-5 Slay+5} (You
                  | bought it in a shop in the Dungeon)
  2566 | D        | Bought a vibrating bronze ring for 45 gold pieces
  2566 | D        | Identified the ring of Dishonour {Fly rElec rC+ Str-3
                  | Int+2} (You bought it in a shop in the Dungeon)
  2566 | D        | Bought a warped jade ring for 45 gold pieces
  2566 | D        | Identified the ring "Nunu" {Wiz Drain rF++ Dex+3} (You
                  | bought it in a shop in the Dungeon)
  2569 | D        | Round 17.
  2678 | D        | Arena points: 25411 (+4641) [x21]
  2714 | D        | Bought a pair of heavily runed gloves for 332 gold pieces
  2714 | D        | Identified the +1 pair of gloves "Ceforrel" {Fly} (You
                  | bought it in a shop in the Dungeon)
  2726 | D        | Bought a potion of curing for 60 gold pieces
  2726 | D        | Bought 5 potions of haste for 1000 gold pieces
  2726 | D        | Bought 5 potions of heal wounds for 500 gold pieces
  2752 | D        | Round 18.
  2884 | D        | Arena points: 30163 (+4752) [x22]
  2933 | D        | Bought 5 potions of haste for 1000 gold pieces
  2941 | D        | Round 19.
  2975 | D        | Bought 6 potions of resistance for 420 gold pieces
  2975 | D        | Bought 5 potions of haste for 350 gold pieces
  2976 | D        | Bought a potion of haste for 70 gold pieces
  2976 | D        | Bought 4 potions of haste for 280 gold pieces
  2976 | D        | Bought 3 potions of haste for 210 gold pieces
  3033 | D        | Lost mutation: Your mind is acute. (Int +4, Str/Dex -1) [a
                  | shining eye]
  3041 | D        | Arena points: 36718 (+6555) [x23]
  3081 | D        | Bought 4 potions of curing for 84 gold pieces
  3081 | D        | Bought 4 potions of curing for 84 gold pieces
  3081 | D        | Bought 4 potions of curing for 84 gold pieces
  3081 | D        | Bought 4 potions of curing for 84 gold pieces
  3081 | D        | Bought 4 potions of curing for 84 gold pieces
  3081 | D        | Bought 3 potions of heal wounds for 105 gold pieces
  3081 | D        | Bought 3 potions of heal wounds for 105 gold pieces
  3081 | D        | Bought 3 potions of heal wounds for 105 gold pieces
  3081 | D        | Bought 3 potions of heal wounds for 105 gold pieces
  3081 | D        | Bought 3 potions of heal wounds for 105 gold pieces
  3081 | D        | Bought 3 potions of heal wounds for 105 gold pieces
  3081 | D        | Bought 3 potions of heal wounds for 105 gold pieces
  3081 | D        | Bought 3 potions of heal wounds for 105 gold pieces
  3081 | D        | Bought 3 potions of heal wounds for 105 gold pieces
  3081 | D        | Bought 3 potions of heal wounds for 105 gold pieces
  3122 | D        | Round 20.
  3152 | D        | Identified the +6 arbalest of Uroiffih {penet, rN+} (You
                  | found it in the Dungeon)
  3152 | D        | Arena points: 43218 (+6500) [x25]
  3155 | D        | Got a silver rune of Zot
  3182 | D        | Bought 3 potions of heal wounds for 105 gold pieces
  3182 | D        | Bought 3 potions of heal wounds for 105 gold pieces
  3190 | D        | Bought a glowing cloak for 180 gold pieces
  3190 | D        | Bought a scroll labelled JYEPUL MYOSAG for 24 gold pieces
  3190 | D        | Bought a glowing robe for 88 gold pieces
  3229 | D        | Reached XP level 24. HP: 112/112 MP: 56/56
  3236 | D        | Bought a scroll of identify for 20 gold pieces
  3330 | D        | Round 21.
  3444 | D        | Arena points: 50862 (+7644) [x26]
  3473 | D        | Bought a book of Dangerous Friends for 680 gold pieces
  3473 | D        | Bought a book of the Senses for 544 gold pieces
  3483 | D        | Learned a level 7 spell: Orb of Destruction
  3507 | D        | Round 22.
  3515 | D        | Noticed an ancient lich
  3519 | D        | Killed an ancient lich
  3520 | D        | Reached skill level 27 in Earth Magic
  3528 | D        | Reached skill level 10 in Dodging
  3628 | D        | Reached skill level 15 in Dodging
  3644 | D        | Arena points: 59178 (+8316) [x27]
  3682 | D        | Round 23.
  3704 | D        | Bought a book of Annihilations for 1020 gold pieces
  3704 | D        | Bought the Incunable of the Boreal Dose for 408 gold pieces
  3704 | D        | Bought the Papyrus of Hail and Malisons for 748 gold pieces
  3713 | D        | Learned a level 3 spell: Hailstorm
  3820 | D        | Arena points: 71414 (+12236) [x28]
  3836 | D        | Bought the amulet of Vitality {RegenMP++ Regen++} for 1500
                  | gold pieces
  3836 | D        | Found the amulet of Vitality {RegenMP++ Regen++}
  3852 | D        | Round 24.
  3947 | D        | Noticed a royal mummy
  3955 | D        | HP: 2/96 [emperor scorpion[a royal mummy] (20)]
  3955 | D        | Annihilated by a death scarab

Illustrated notes

Levels and vault maps discovered:
D:        arena_sprint

Skill      XL: |  1  2  3  4  5  6  7  8  9 10 11 12 13 14 15 16 17 18 19 20 21 22 23 24 |
---------------+-------------------------------------------------------------------------+-----
Spellcasting   | 6 8 11 12 14 16 19 20 22 23 24 25 26 27 | 27.0
Conjurations   | 6 7 10 11 12 14 17 19 20 22 23 24 27 | 27.0
Stealth        | 4 6 8 18 | 18.2
Earth Magic    | 14 25 27 | 27.0
Dodging        | 21 | 21.8

Action                     |  1- 3 |  4- 6 |  7- 9 | 10-12 | 13-15 | 16-18 | 19-21 | 22-24 || total
---------------------------+-------+-------+-------+-------+-------+-------+-------+-------++-------
   Cast: Magic Dart        |    14 |     8 |     4 |       |       |       |       |       ||    26
         Searing Ray       |       |     5 |     1 |       |       |       |       |       ||     6
         Iskenderun's Myst |       |     3 |     1 |     1 |     1 |       |       |    12 ||    18
         Iskenderun's Batt |       |     1 |     1 |       |       |       |       |       ||     2
         Iron Shot         |       |       |     5 |    27 |    19 |       |       |   233 ||   284
         Fulminant Prism   |       |       |     2 |       |       |       |       |       ||     2
         Lehudib's Crystal |       |       |       |       |       |       |       |     1 ||     1
 Invoke: Call Merchant     |       |       |       |       |       |       |       |     3 ||     3
  Evoke: Wand              |     4 |     3 |       |       |       |       |       |       ||     7
    Use: Scroll            |       |     1 |     1 |       |       |       |       |     2 ||     4
         Potion            |       |       |     1 |     2 |     4 |     3 |     3 |    36 ||    49
 Armour: Animal skin       |       |       |       |       |     3 |       |       |     9 ||    12
         Robe              |       |       |       |       |       |       |       |     3 ||     3
  Dodge: Dodged            |     1 |       |       |       |     1 |       |       |    14 ||    16
